 Dungeon Crawl Stone Soup version 0.23.2-40-g277498a001 (webtiles) character file.

Game seed: 7986623438780544624

676 H0rd4k the Charlatan (level 7, 0/51 HPs)
             Began as a Human Artificer on Oct 14, 2019.
             Slain by an orc priest
             ... wielding a +0 hand axe
              (4 damage)
             ... on level 6 of the Dungeon.
             The game lasted 00:04:36 (4808 turns).

H0rd4k the Charlatan (Human Artificer)              Turns: 4808, Time: 00:04:37

Health: 0/51       AC:  7    Str: 14    XL:     7   Next: 91%
Magic:  10/10      EV: 12    Int: 11    God:
Gold:   81         SH:  0    Dex: 14    Spells: 6/6 levels left

rFire    . . .     SeeInvis .   i - +0 short sword (speed)
rCold    . . .     Gourm    .   (no shield)
rNeg     . . .     Faith    .   t - +0 ring mail (curse)
rPois    .         Spirit   .   (no helmet)
rElec    .         Reflect  .   p - scarf {repulsion}
rCorr    .         Harm     .   (no gloves)
MR       .....                  x - +0 pair of boots
Stlth    +.........             (no amulet)
HPRegen  0.17/turn              (no ring)
MPRegen  0.12/turn              (no ring)

@: repel missiles
A: no striking features
a: no special abilities


You were on level 6 of the Dungeon.
You were hungry.

You visited 1 branch of the dungeon, and saw 6 of its levels.

You collected 81 gold pieces.

Inventory:

Hand Weapons
 a - a +0 short sword
 i - a +0 short sword of speed (weapon)
Armour
 b - a +0 leather armour
 p - a scarf of repulsion (worn)
 t - a cursed +0 ring mail (worn)
 x - a +0 pair of boots (worn)
Wands
 d - a wand of enslavement (14)
 e - a wand of random effects (3)
 q - a wand of polymorph (5)
 s - a wand of scattershot (6)
Scrolls
 g - 4 scrolls of teleportation {unknown}
 h - 5 scrolls of amnesia {unknown}
 k - 2 scrolls of remove curse {unknown}
 m - 2 scrolls of enchant weapon {unknown}
 n - 2 scrolls of magic mapping {unknown}
 o - 4 scrolls of identify {unknown}
 r - a scroll of random uselessness {unknown}
 v - a scroll of fear {unknown}
Potions
 c - a potion of might {unknown}
 j - a potion of heal wounds {unknown}
 l - a potion of lignification {unknown}
 u - a potion of agility {unknown}
 w - a potion of curing {unknown}
Comestibles
 f - 6 rations


   Skills:
 + Level 2.5 Fighting
 + Level 4.4 Short Blades
 + Level 3.8 Armour
 + Level 3.2 Dodging
 + Level 1.9 Stealth
 + Level 4.4 Evocations


You had 6 spell levels left.
You didn't know any spells.
Your spell library was empty.

Dungeon Overview and Level Annotations

Branches:
Dungeon (6/15)
 Temple: D:4-7

Altars:
Okawaru
Trog

Annotations:
D:1 exclusion: downstairs
D:5 2 runed translucent doors


Message History

Gang up on whom?
Press: ? - help, Dir - move target cursor, f - orc warrior, p - centaur
Aim: an orc warrior, wielding a +0 battleaxe and wearing a +0 chain mail Attack!
Your centaur hits the orc warrior.
The orc warrior hits your centaur with a +0 battleaxe!
Your centaur dies!
The orc warrior looks more experienced.
The orc priest calls down the wrath of Beogh upon you.
Beogh smites you!
* * * LOW HITPOINT WARNING * * *
Evoke which item? (* to show all) (? for menu, Esc to quit)
Aiming: Enslavement
Press: ? - help, Shift-Dir - straight line, f - orc priest, p - orc warrior
Aim: an orc priest, wielding a +0 hand axe (chance to defeat MR: 59%)
Okay, then.
Unknown command.
Okay, then.
There is a stone staircase leading up, spattered with blood here.
The orc priest hits you with a +0 hand axe.
You die...

##.# ...O
#..###....
####......=..
#..............
#..............
##........#o...
#......o......#
#.@o.##.......
##.o.#.oO.....
##...o#(......
#.....)..#
#.......##
#..#.#.##
########


You could see an orc warrior, an orc priest and 2 orcs.

Vanquished Creatures
  A sky beast (D:5)
  2 scorpions (D:4)
  A howler monkey (D:4)
  A bullfrog zombie (D:5)
  A bullfrog skeleton (D:4)
  A centaur skeleton (D:4)
  Jessica (D:2)
  3 orc wizards (D:4)
  2 iguanas (D:5)
  A worker ant (D:5)
  A gnoll (D:6)
  7 adders
  A worm (D:5)
  6 leopard geckos
  2 orcs (D:4)
  2 ball pythons
  3 giant cockroaches
  2 hobgoblins (D:1)
  A quokka (D:3)
  9 bats
  4 frilled lizards
  6 goblins
  10 kobolds
  13 rats
81 creatures vanquished.

Vanquished Creatures (others)
  A centaur (D:6)
1 creature vanquished.

Grand Total: 82 creatures vanquished

Notes
Turn   | Place    | Note
-------+----------+-------------------------------------------
     0 | D:1      | H0rd4k the Human Artificer began the quest for the Orb.
     0 | D:1      | Reached XP level 1. HP: 15/15 MP: 3/3
    96 | D:1      | Reached XP level 2. HP: 8/21 MP: 4/4
   290 | D:1      | Found an iron altar of Okawaru.
   538 | D:1      | Reached XP level 3. HP: 23/26 MP: 5/5
  1105 | D:2      | Reached XP level 4. HP: 12/32 MP: 6/6
  1365 | D:2      | Reached skill level 1 in Armour
  1498 | D:2      | Noticed Jessica
  1559 | D:2      | Killed Jessica
  1559 | D:2      | Reached XP level 5. HP: 37/37 MP: 7/7
  2566 | D:4      | Reached XP level 6. HP: 24/44 MP: 7/9
  2886 | D:4      | HP: 2/44 [poisoned by a scorpion]
  3182 | D:4      | Found a bloodstained altar of Trog.
  3563 | D:4      | Reached XP level 7. HP: 48/50 MP: 10/10
  3892 | D:5      | Entered Level 5 of the Dungeon
  4124 | D:5      | Found a bloodstained altar of Trog.
  4725 | D:5      | Found a large runed translucent door.
  4726 | D:5      | Found a large runed translucent door.
  4808 | D:6      | Slain by an orc priest

Skill      XL: |  1  2  3  4  5  6  7 |
---------------+----------------------+-----
Short Blades   | 2 3 4 |  4.4
Armour         | 1 2 3 |  3.8
Evocations     | 4 |  4.4
Fighting       | 2 |  2.5
Dodging        | 3 |  3.2
Stealth        | |  1.9

Action                   |  1- 3 |  4- 6 |  7- 9 || total
-------------------------+-------+-------+-------++-------
Melee: Short sword       |   141 |   146 |   135 ||   422
Evoke: Wand              |     3 |    20 |     5 ||    28
 Stab: Sleeping          |     1 |     2 |       ||     3
  Eat: Chunk             |       |     5 |     3 ||     8
       Ration            |       |     1 |       ||     1
Armor: Leather armour    |    27 |    14 |       ||    41
       Ring mail         |       |    17 |    26 ||    43
Dodge: Dodged            |    68 |    67 |    34 ||   169
